 Dungeon Crawl Stone Soup version 0.22-a0-433-gd2a9cce (webtiles) character file.

86 Supreme the Chiller (level 4, -1/27 HPs)
             Began as a Merfolk Ice Elementalist on May 27, 2018.
             Was a Follower of Hepliaklqana.
             Slain by a crimson imp
             ... wielding a +2 dagger of chaos
              (10 damage)
             ... on level 3 of the Dungeon.
             The game lasted 00:23:59 (2426 turns).

Supreme the Chiller (Merfolk Ice Elementalist)      Turns: 2426, Time: 00:23:59

Health: -1/27      AC:  2    Str:  8    XL:     4   Next: 49%
Magic:  5/7        EV: 12    Int: 15    God:    Hepliaklqana [*.....]
Gold:   158        SH:  0    Dex: 14    Spells: 3/7 levels left

rFire    + . .     SeeInvis .   D - +0 trident
rCold    . . .     Gourm    .   (no shield)
rNeg     . . .     Faith    .   a - +0 robe
rPois    .         Spirit   .   (no helmet)
rElec    .         Reflect  .   (no cloak)
rCorr    .         Harm     .   (no gloves)
MR       .....                  (no boots)
Stlth    ++........             (no amulet)
HPRegen  0.09/turn              C - ring of protection from fire
MPRegen  0.10/turn              (no ring)

@: heavily drained
A: change form in water, swift swim, stealthy swim, reduced essence
a: Recall Ancestor, Ancestor Identity, Renounce Religion


You were on level 3 of the Dungeon.
You worshipped Hepliaklqana.
Hepliaklqana was aware of your devotion.
You were not hungry.

You visited 1 branch of the dungeon, and saw 3 of its levels.

You collected 158 gold pieces.

Inventory:

Hand Weapons
 i - a cursed -3 dagger
 q - a cursed -1 short sword
 y - a +1 hunting sling of velocity
 D - a +0 trident (weapon)
Missiles
 b - 21 arrows
 m - 41 bolts
 n - 54 sling bullets
 r - 11 poisoned needles
 s - 4 needles of frenzy
 A - 75 stones (quivered)
Armour
 a - a +0 robe (worn)
 e - a +1 ring mail of poison resistance
 t - a +0 shield
Magical Staves
 x - an uncursed staff of conjuration
Jewellery
 C - a ring of protection from fire (left hand)
Scrolls
 f - a scroll of magic mapping {unknown}
 g - 2 scrolls of teleportation {unknown}
 j - 5 scrolls of identify {unknown}
 l - a scroll of immolation {unknown}
 u - a scroll of remove curse {unknown}
 w - a scroll of amnesia {unknown}
 z - a scroll of random uselessness {unknown}
Potions
 d - 2 potions of lignification {unknown}
 h - 2 potions of agility {unknown}
 k - a potion of curing {unknown}
 o - 2 potions of heal wounds {unknown}
 p - a potion of might {unknown}
 v - a potion of resistance {unknown}
Comestibles
 c - 8 rations


   Skills:
 + Level 0.7(0.0) Fighting
 + Level 3.1(1.5) Dodging
 + Level 2.6(1.0) Stealth
 + Level 2.2(0.7) Spellcasting
   Level 0.7(0.0) Conjurations
 * Level 5.0(3.3) Ice Magic


You had 3 spell levels left.
You knew the following spells:

 Your Spells              Type           Power        Failure   Level  Hunger
a - Freeze                Ice            ##..         7%          1    ##.....
b - Ozocubu's Armour      Chrm/Ice       #.......     36%         3    ####...

Your spell library contained the following spells:

 Spells                   Type           Power        Failure   Level  Hunger
 Throw Frost              Conj/Ice       #.....       21%         2    ###....
 Summon Ice Beast         Ice/Summ       #.......     78%         4    #####..
 Throw Icicle             Conj/Ice       #.......     78%         4    #####..


Dungeon Overview and Level Annotations

Branches:
Dungeon (3/15)

Altars:
Fedhas
Hepliaklqana
Vehumet
Xom


Message History

Senakhtenre barely misses the crimson imp.
Casting: Freeze (safe; 7% risk of failure)
Confirm with . or Enter, or press ? or * to list all spells.
Aiming: Freeze (safe; 7% risk of failure)
Press: ? - help, Shift-Dir - straight line, f/p - crimson imp
Aim: a crimson imp, wielding a dagger of chaos You freeze the crimson imp.
The crimson imp is frozen!
The crimson imp is moderately wounded.
The crimson imp barely misses you.
Senakhtenre hits the crimson imp.
Casting: Freeze (safe; 7% risk of failure)
Confirm with . or Enter, or press ? or * to list all spells.
Aiming: Freeze (safe; 7% risk of failure)
Press: ? - help, Shift-Dir - straight line, f/p - crimson imp
Aim: a crimson imp, wielding a dagger of chaos (moderately wounded)
You freeze the crimson imp.
The crimson imp is frozen!
The crimson imp is almost dead.
The crimson imp hits you with a dagger of chaos.
You are electrocuted!
You die...

#.........................#.
#.........................#.
#.........................##
#.........................#
.#
#####.#####.......#######.#
.# #.# #.#####.#######.# .#
#.# #R# #..........# .# #.#
#5# ############ .#
####'#####@# .# #.......#..#
.# ###._.###.## .#
#.......#.# .# ####'####.#
## #......# ########


You could see the friendly Senakhtenre the ancestor and a crimson imp.

Vanquished Creatures
  3 adders (D:2)
  A worm (D:2)
  2 dart slugs (D:1)
  4 bats
  4 goblins
  5 hobgoblins
  4 frilled lizards (D:1)
  8 kobolds
  17 rats
48 creatures vanquished.

Vanquished Creatures (collateral kills)
  An orc (D:3)
  A ball python (D:3)
  2 goblins (D:2)
  2 frilled lizards
  2 kobolds
  2 rats
10 creatures vanquished.

Grand Total: 58 creatures vanquished

Notes
Turn   | Place    | Note
-------+----------+-------------------------------------------
     0 | D:1      | Supreme the Merfolk Ice Elementalist began the quest for the Orb.
     0 | D:1      | Reached XP level 1. HP: 13/13 MP: 3/3
   153 | D:1      | Reached XP level 2. HP: 19/19 MP: 1/5
   559 | D:1      | Reached skill level 4 in Ice Magic
   571 | D:1      | Reached XP level 3. HP: 24/25 MP: 2/6
   778 | D:1      | Learned a level 3 spell: Ozocubu's Armour
   834 | D:2      | Found a radiant altar of Vehumet.
  1246 | D:2      | Reached XP level 4. HP: 31/31 MP: 1/7
  1349 | D:2      | Found a hazy altar of Hepliaklqana.
  1351 | D:2      | Found a blossoming altar of Fedhas.
  1357 | D:2      | Became a worshipper of Hepliaklqana the Forgotten
  1995 | D:3      | Reached * piety under Hepliaklqana
  2244 | D:3      | Reached skill level 5 in Ice Magic
  2397 | D:3      | Found a shimmering altar of Xom.
  2426 | D:3      | Slain by a crimson imp

Vault maps used:
D:1:      erik_arrival_orb_chamber
D:2:      fiery_altar_vehumet, chequers_temple_overflow_statue_of_worship
D:3:      led_xom_imps

Skill      XL: |  1  2  3  4 |
---------------+-------------+-----
Dodging        | 3 |  3.1
Ice Magic      | 4 5 |  5.0
Fighting       | |  0.7
Stealth        | |  2.6
Spellcasting   | |  2.2
Conjurations   | |  0.7

Action                   |  1- 3 |  4- 6 || total
-------------------------+-------+-------++-------
Melee: Short sword       |    46 |     7 ||    53
       Trident           |       |    18 ||    18
 Fire: Hunting sling     |       |     5 ||     5
 Cast: Freeze            |    37 |     6 ||    43
       Ozocubu's Armour  |     3 |     1 ||     4
 Stab: Sleeping          |     4 |     1 ||     5
  Eat: Chunk             |     2 |     4 ||     6
Armor: Robe              |     9 |     4 ||    13
Dodge: Dodged            |    72 |    16 ||    88

Table legend:
 A = Spawn XP
 B = Non-spawn XP
 C = Spawn XP percentage of total XP
 D = Spawn monster count
 E = Non-spawn monster count
 F = Spawn count percentage of total count
 G = Total turns spent on level
                    A         B        C        D         E        F      G
               +---------+---------+-------+---------+---------+-------+---------
         Total |       0 |     123 |   0.0 |       0 |      58 |   0.0 |  2426
               +---------+---------+-------+---------+---------+-------+---------
           D:1 |       0 |      48 |   0.0 |       0 |      33 |   0.0 |   826
           D:2 |       0 |      63 |   0.0 |       0 |      17 |   0.0 |   982
           D:3 |       0 |      12 |   0.0 |       0 |       8 |   0.0 |   618
               +---------+---------+-------+---------+---------+-------+---------
